 Dungeon Crawl Stone Soup version 0.30.0-13-g156ef70053 (webtiles) character file.

Game seed: 2418561918839084582

53 jtron the Magician (level 3, -3/16 HPs)
             Began as a Spriggan Venom Mage on May 17, 2023.
             Constricted to death by Ijyb (5 damage)
             ... on level 3 of the Dungeon.
             The game lasted 00:08:12 (1847 turns).

jtron the Magician (Spriggan Venom Mage)            Turns: 1847, Time: 00:08:12

Health: -3/16      AC:  2    Str:  4    XL:     3   Next: 64%
Magic:  4/9        EV: 14    Int: 18    God:
Gold:   118        SH:  0    Dex: 15    Spells: 0/9 levels left

rFire   + . .        a - +1 dagger
rCold   + . .        (no shield)
rNeg    . . .        d - +0 robe
rPois   .            (helmet restricted)
rElec   .            (no cloak)
rCorr   .            (gloves unavailable)
SInv    +            (boots unavailable)
Will    .....        n - amulet of magic regeneration
Stlth   ++           c - ring of protection from fire
HPRegen 0.22/turn    l - ring of protection from cold
MPRegen 0.51/turn

%: no passive effects
@: grasped by roots, constricted, very quick
A: very small, no large weapons, unfitting armour, see invisible, speed 3
a: no special abilities


You were on level 3 of the Dungeon.
You visited 1 branch of the dungeon, and saw 3 of its levels.

You collected 118 gold pieces.

Inventory:

Hand Weapons
 a - a +1 dagger (weapon)
 b - a +0 sling
Missiles
 e - 15 stones (quivered)
Armour
 d - a +0 robe (worn)
Magical Staves
 j - a staff of cold
Jewellery
 c - a ring of protection from fire (left hand)
 l - a ring of protection from cold (right hand)
 n - an amulet of magic regeneration (around neck)
Wands
 f - a wand of flame (36)
Potions
 h - a potion of lignification {unknown}
 k - a potion of magic


   Skills:
 + Level 0.4 Throwing
 + Level 2.7 Dodging
 + Level 3.0 Stealth
 + Level 3.8 Spellcasting
 + Level 2.1 Transmutations
 * Level 0.1 Air Magic
 + Level 3.5 Poison Magic


You couldn't memorise any spells.
You knew the following spells:

 Your Spells              Type           Power      Damage    Failure   Level
a - Sting                 Tmut/Pois      52%        1d5       4%          1
b - Poisonous Vapours     Pois/Air       20%        N/A       11%         2
c - Ignite Poison         Fire/Tmut/Pois 10%        N/A       21%         3
d - Mephitic Cloud        Conj/Pois/Air  7%         N/A       26%         3

Your spell library contained the following spells:

 Spells                   Type           Power      Damage    Failure   Level
 Cigotuvi's Dreadful Rot  Necr/Pois/Air  14%        N/A       14%         2
 Olgreb's Toxic Radiance  Pois           16%        N/A       34%         4
 Freezing Cloud           Conj/Ice/Air   1%         6-21      99%         5


Dungeon Overview and Level Annotations

Branches:
Dungeon (3/15)

Altars:

Annotations:
D:3 Ijyb


Innate Abilities, Weirdness & Mutations

You are very small and have problems with some larger weapons.
You are too small for most types of armour.
You have supernaturally acute eyesight. (SInv)
You cover ground extremely quickly. (Speed+++)


Message History

Press: ? - help, Shift-Dir - straight line, f/p - Ijyb
Aim: Ijyb, wielding a +0 dagger, wearing a +0 leather armour and carrying a wand of roots (14) (lightly wounded, poisoned, 64% to hit)
The sting misses Ijyb.
Ijyb drinks a potion.
Ijyb suddenly seems more resistant.
Casting: Sting (safe; 4% risk of failure)
Confirm with . or Enter, or press ? or * to list all spells.
Aiming: Sting (safe; 4% risk of failure)
Press: ? - help, Shift-Dir - straight line, f/p - Ijyb
Aim: Ijyb, wielding a +0 dagger, wearing a +0 leather armour and carrying a wand of roots (14) (lightly wounded, unusually resistant, poisoned, 64% to hit)
The sting misses Ijyb.
Ijyb closely misses you.
You feel better. Ijyb completely misses you.
You hit Ijyb but do no damage.
Ijyb is lightly wounded.
Ijyb zaps a wand.
The roots erupt in riotous growth!
The grasping roots grab you!
Ijyb is unaffected.
The grasping roots constrict you.
Your magical contamination has completely faded away.
Okay, then.
Casting: Sting (safe; 4% risk of failure)
Confirm with . or Enter, or press ? or * to list all spells.
You can't see any susceptible monsters within range! (Use Z to cast anyway.) Unknown command.
Casting: Sting (safe; 4% risk of failure)
Confirm with . or Enter, or press ? or * to list all spells.
The spell is astonishingly dangerous to miscast (21% risk of failure)!
Continue anyway?
You ignite the poison in your surroundings!
Ijyb seems to burn from within!
Ijyb is heavily wounded.
Ijyb closely misses you. The grasping roots constrict you.
Casting: Ignite Poison (astonishingly dangerous; 21% risk of failure)
Confirm with . or Enter, or press ? or * to list all spells.
Aiming: Sting (safe; 4% risk of failure)
Press: ? - help, Shift-Dir - straight line, f/p - Ijyb
Aim: Ijyb, wielding a +0 dagger, wearing a +0 leather armour and carrying a wand of roots (13) (heavily wounded, unusually resistant, 64% to hit)
The sting hits Ijyb.
Ijyb is poisoned.
Ijyb is severely wounded.
Ijyb hits you with a +0 dagger.
* * * LOW HITPOINT WARNING * * *
The grasping roots constrict you.
You die...

## .# .# .#
###.# ...#
#g.# #@.#
#..# #..#
##..# ##.#.#
####.###.#
#######...##
#.#
#..........#
##
#.#####.###.#


You could see Ijyb (resistant, poisoned).

Vanquished Creatures
  An adder (D:2)
  3 worms
  2 ball pythons (D:2)
  3 bats (D:1)
  3 endoplasms
  5 goblins
  6 hobgoblins
  2 quokkas (D:1)
  5 kobolds
  4 rats (D:2)
34 creatures vanquished.

Notes
Turn   | Place    | Note
-------+----------+-------------------------------------------
     0 | D:1      | jtron the Spriggan Venom Mage began the quest for the Orb.
     0 | D:1      | Reached XP level 1. HP: 9/9 MP: 5/5
   231 | D:1      | Reached XP level 2. HP: 13/13 MP: 4/6
   324 | D:1      | Learned a level 2 spell: Poisonous Vapours
   533 | D:1      | Found a faded altar of an unknown god.
  1039 | D:2      | Reached XP level 3. HP: 16/16 MP: 5/8
  1043 | D:2      | Learned a level 3 spell: Ignite Poison
  1721 | D:3      | Learned a level 3 spell: Mephitic Cloud
  1834 | D:3      | Noticed Ijyb
  1847 | D:3      | Constricted to death by Ijyb

Illustrated notes

Levels and vault maps discovered:
D:1:      psy_arrival_statuary, layout_loops_ring,
          hellmonk_ecumenical_altar_arch_garden, nicolae_wormholes
D:2:      layout_basic, kennysheep_big_empty_room
D:3:      layout_loops_ring, cheibriados_altar_1, minmay_pentomino_pile,
          uniq_crazy_yiuf_cottage, uniq_ijyb, uniq_sigmund

Skill      XL: |  1  2 |
---------------+-------+-----
Spellcasting   | 3 |  3.8
Transmutations | 2 |  2.1
Throwing       | |  0.4
Dodging        | |  2.7
Stealth        | |  3.0
Air Magic      | |  0.1
Poison Magic   | |  3.5

Action                     || total
---------------------------++-------
  Melee: Whip              ||     4
         Dagger            ||    45
         Unarmed           ||     1
         Punch             ||     1
  Throw: Stone             ||     4
   Cast: Sting             ||    43
         Poisonous Vapours ||     7
         Ignite Poison     ||     1
    Use: Scroll            ||     6
         Potion            ||     1
   Stab: Sleeping          ||     3
 Armour: Robe              ||     3
  Dodge: Dodged            ||    39
